 Dungeon Crawl Stone Soup version 0.29.1-14-g9c671dbff4 (webtiles) character file.

Game seed: 7933757403747433004

96116 leafyfresh the Covert (level 16, -26/134 HPs)
             Began as a Gnoll Delver on Feb 14, 2023.
             Was an Elder of Ashenzari.
             Annihilated by a rockslime (34 damage)
             ... on level 1 of the Pits of Slime.
             The game lasted 01:56:33 (38241 turns).

leafyfresh the Covert (Gnoll Delver)               Turns: 38241, Time: 01:56:34

Health: -26/134    AC: 17    Str: 14    XL:     16   Next: 16%
Magic:  0/42       EV: 31    Int:  7    God:    Ashenzari [****..]
Gold:   1467       SH:  8    Dex: 37    Spells: 1/41 levels left

rFire   . . .      SeeInvis +   X - +3 war axe "Uliuk" {vamp, Str+4 Dex+9}
rCold   . . .      Faith    .   (no shield)
rNeg    . . .      Spirit   +   t - +0 acid dragon scales
rPois   .          Reflect  .   a - +1 helmet of Toth-Mos's Legacy {Evo, Bglg} (curse)
rElec   .          Harm     .   Q - +1 cloak of the Mantic Loss {rCorr, Alch, Comp} (curse)
rCorr   +          Rampage  .   C - +0 pair of gloves "Per Aspera Ad Scientiam" {Self, Comp} (curse)
Will    +....      Clarity  +   (no boots)
Stlth   ++++++++..              W - brooch of Shielding {Spirit SH+8, Range, Cun} (curse)
HPRegen 0.00/turn               p - ring of the Distant Apathy {Dex+6, Melee, Alch} (curse)
MPRegen 0.28/turn               D - ring of Supernal Knowledge {MP+9, Range, Cun} (curse)

@: inhibited regen, invisible
A: fangs 1, strong nose, distributed training, iridescent scales 1, berserk 1,
dopey 1, inhibited regeneration, weak 1, devolution 1
a: Renounce Religion, Shatter the Chains


You were on level 1 of the Pits of Slime.
You worshipped Ashenzari.
Ashenzari was greatly pleased with you.
You visited 7 branches of the dungeon, and saw 25 of its levels.
You also visited: Ice Cave.

You collected 2209 gold pieces.
You spent 742 gold pieces at shops.

Inventory:

Hand Weapons
 e - the +3 Elemental Staff {rElec rF++ rC++ AC+5}
   (You acquired it on level 3 of the Dungeon)

   If the wielder is skilled in Evocations, they can discharge powerful blasts
   of elemental energy when striking with it.
   It enhances your fire, ice, earth and air magic.
   AC:        It affects your AC (+5).
   rF:        It greatly protects you from fire.
   rC:        It greatly protects you from cold.
   rElec:     It insulates you from electricity.
 v - the +4 falchion of Boorchamu {protect, rN+ Str-2 Dex+4}
   (You found it on level 12 of the Dungeon)

   It grants its wielder temporary protection when it strikes (+7 to AC).
   Str:       It affects your strength (-2).
   Dex:       It affects your dexterity (+4).
   rN:        It protects you from negative energy.
 S - the +7 arbalest "Serr" {freeze, rC+}
   (You bought it in a shop on level 1 of the Orcish Mines)

   Any ammunition fired from it freezes those it strikes, dealing additional
   cold damage.
   It can also slow down cold-blooded creatures.
   rC:        It protects you from cold.
 X - the +3 war axe "Uliuk" (weapon) {vamp, Str+4 Dex+9}
   (You found it on level 5 of the Lair of Beasts)

   It occasionally heals its wielder for a portion of the damage dealt when it
   wounds a living foe.
   Str:       It affects your strength (+4).
   Dex:       It affects your dexterity (+9).
Missiles
 R - 17 curare-tipped darts (quivered)
Armour
 a - the cursed +1 helmet of Toth-Mos's Legacy (worn) {Evo, Bglg}
   (You found it on level 4 of the Dungeon)

   It has a curse which improves the following skills: Evocations: Evocations.
   Beguiling: Conjurations, Hexes and Translocations.
 c - a scarf of repulsion
 k - +0 storm dragon scales
 o - a +2 kite shield
 t - +0 acid dragon scales (worn)
 x - the +1 chain mail "Vuoxisue" {Str+4}
   (You found it on level 12 of the Dungeon)

   Str:       It affects your strength (+4).
 A - an orb of guile
 C - the cursed +0 pair of gloves "Per Aspera Ad Scientiam" (worn) {Self, Comp}
   (You found it on level 6 of the Dungeon)

   It has a curse which improves the following skills: Introspection: Fighting
   and Spellcasting.
   Companions: Summonings and Necromancy.
 L - a +2 cloak of poison resistance
 Q - the cursed +1 cloak of the Mantic Loss (worn) {rCorr, Alch, Comp}
   (You found it on level 10 of the Dungeon)

   It has a curse which improves the following skills: Alchemy: Poison Magic and
   Transmutations.
   Companions: Summonings and Necromancy.
Magical Staves
 H - a staff of cold
 P - a staff of fire
Jewellery
 g - the ring "Eneruv" {rElec rC+}
   (You took it off a frost giant in an ice cave)

   [ring of protection from cold]

   rC:        It protects you from cold.
   rElec:     It insulates you from electricity.
 p - the cursed ring of the Distant Apathy (left hand) {Dex+6, Melee, Alch}
   (You found it on level 1 of the Dungeon)

   [ring of dexterity]

   Dex:       It affects your dexterity (+6).
   It has a curse which improves the following skills: Melee Combat: Short
   Blades, Long Blades, Axes, Maces & Flails, Polearms, Staves and Unarmed
   Combat.
   Alchemy:   Poison Magic and Transmutations.
 D - the cursed ring of Supernal Knowledge (right hand) {MP+9, Range, Cun}
   (You found it on level 6 of the Dungeon)

   [ring of magical power]

   MP:        It affects your magic capacity (+9).
   It has a curse which improves the following skills: Ranged Combat: Ranged
   Weapons and Throwing.
   Cunning:   Dodging and Stealth.
 W - the cursed brooch of Shielding (around neck) {Spirit SH+8, Range, Cun}
   (You found it on level 4 of the Lair of Beasts)

   [amulet of guardian spirit]

   It causes incoming damage to be divided between your reserves of health and
   magic.
   SH:        It affects your SH (+8).
   It has a curse which improves the following skills: Ranged Combat: Ranged
   Weapons and Throwing.
   Cunning:   Dodging and Stealth.
Wands
 m - a wand of digging (7)
 n - a wand of charming (7)
 w - a wand of roots (13)
 F - a wand of acid (2)
 J - a wand of flame (46)
 N - a wand of mindburst (8)
Scrolls
 d - a scroll of magic mapping
 i - 2 scrolls of enchant weapon
 y - a scroll of brand weapon
 E - 6 scrolls of immolation
 G - 3 scrolls of poison
 I - a scroll of silence
 K - a scroll of teleportation
Potions
 b - a potion of magic
 f - a potion of mutation
 h - 5 potions of brilliance
 j - 5 potions of resistance
 q - a potion of invisibility
 r - 3 potions of haste
 s - 4 potions of cancellation
 z - 4 potions of attraction
 M - a potion of flight
 T - a potion of ambrosia
 U - 5 potions of curing
Miscellaneous
 l - a lightning rod (4/4)


   Skills:
 + Level 12.7(14.6) Fighting
 + Level 11.0(13.0) Short Blades
 + Level 11.0(13.0) Long Blades
 + Level 11.0(13.0) Axes
 + Level 11.0(13.0) Maces & Flails
 + Level 11.9(13.8) Polearms
 + Level 11.0(13.0) Staves
 + Level 11.0(14.0) Ranged Weapons
 + Level 11.0(14.0) Throwing
 + Level 11.0 Armour
 + Level 11.9(14.8) Dodging
 + Level 14.3(17.2) Stealth
 + Level 11.0 Shields
 + Level 11.0(13.0) Unarmed Combat
 + Level 11.0(13.0) Spellcasting
 + Level 9.3(11.3) Conjurations
 + Level 9.3(11.3) Hexes
 + Level 9.3(12.3) Summonings
 + Level 9.3(12.3) Necromancy
 + Level 9.3(11.3) Translocations
 + Level 9.3(12.3) Transmutations
 + Level 9.3 Fire Magic
 + Level 9.3 Ice Magic
 + Level 9.3 Air Magic
 + Level 9.3 Earth Magic
 + Level 9.3(12.3) Poison Magic
 + Level 12.0 Invocations
 + Level 11.0(13.0) Evocations


You had one spell level left.
You knew the following spells:

 Your Spells              Type           Power      Damage    Failure   Level
a - Vampiric Draining     Necr           21%        2d7       1%          3
b - Frozen Ramparts       Ice            34%        1d6       1%          3
c - Ice Form              Ice/Tmut       19%        N/A       1%          4
d - Iskenderun's Mystic   Conj/Tloc      20%        2d6       1%          4
e - Fulminant Prism       Conj/Hex       10%        3d9       1%          4
f - Lee's Rapid Deconstr  Erth           8%         3d8*      10%         5
g - Agony                 Necr           21%        N/A       3%          5
h - Starburst             Conj/Fire      9%         6d5       36%         6
i - Simulacrum            Ice/Necr       9%         N/A       30%         6

Your spell library contained the following spells:

 Spells                   Type           Power      Damage    Failure   Level
 Apportation              Tloc           40%        N/A       1%          1
 Magic Dart               Conj           80%        1d7       1%          1
 Necrotise                Necr           84%        1d8       1%          1
 Sandblast                Erth           34%        2d9       1%          1
 Slow                     Hex            80%        N/A       1%          1
 Summon Small Mammal      Summ           84%        N/A       1%          1
 Passwall                 Tmut/Erth      15%        N/A       1%          2
 Searing Ray              Conj           40%        2d5       1%          2
 Confusing Touch          Hex            20%        N/A       1%          3
 Dazzling Flash           Conj/Hex       40%        N/A       1%          3
 Ozocubu's Armour         Ice            17%        N/A       1%          3
 Stone Arrow              Conj/Erth      36%        3d9       1%          3
 Animate Dead             Necr           21%        N/A       1%          4
 Summon Ice Beast         Ice/Summ       19%        N/A       1%          4
 Metabolic Englaciation   Hex/Ice        9%         N/A       7%          5
 Haunt                    Necr/Summ      10%        N/A       65%         7
 Infestation              Necr           10%        N/A       100%        8


Dungeon Overview and Level Annotations

Branches:
Dungeon (14/15)            Temple (1/1) D:7            Lair (5/5) D:11
 Shoals (0/4) Lair:2        Snake (1/4) Lair:2        Slime (1/5) Lair:4
    Orc (2/2) D:9             Elf (1/3) Orc:2         IceCv (visited)
 Vaults: D:13-14

Altars:
Ashenzari
Cheibriados
Dithmenos
Elyvilon
Fedhas
Kikubaaqudgha
Makhleb
Nemelex Xobeh
Okawaru
Qazlal
Ru
Uskayaw
Vehumet
Wu Jian
Xom
Yredelemnul
Zin
The Shining One
Jiyva

Shops:
D:3 =   Orc:1 (==*(   Orc:2 *[(::

Annotations:
D:3 2 runed translucent doors, Barneous's ghost, amateur HuWn
D:5 2 transporters, croobank's ghost, weakling OpDe
D:9 1 transporter


Innate Abilities, Weirdness & Mutations

You have very sharp teeth.
Your uncanny sense of smell can sniff out nearby items.
Your experience applies equally to all skills.
You are partially covered in iridescent scales. (AC +2)
You sometimes lose your temper in combat.
You are dopey. (Int -2)
You do not regenerate when monsters are visible.
You are weak. (Str -2)
You have hidden genetic defects.


Message History

Unknown command.
You hit the rockslime but do no damage.
The rockslime is moderately wounded.
You hit the large slime creature.
The rockslime jiggles.
The rockslime completely misses you.
Unknown command.
You slash the rockslime!
You feel better.
You punch the rockslime, but do no damage.
The rockslime is heavily wounded.
You hit the large slime creature.
You feel better.
The large slime creature closely misses you.
The rockslime hits you!
You stumble backwards!
Unknown command.
You slash the rockslime!
You bite the rockslime, but do no damage.
The rockslime is severely wounded.
The large slime creature falls through a shaft!
The shaft crumbles and collapses.
You block the rockslime's attack.
Unknown command.
You hit the rockslime but do no damage.
You bite the rockslime, but do no damage.
The rockslime is severely wounded.
The rockslime hits you!
* * * LOW HITPOINT WARNING * * *
You hold your ground!
Unknown command.
You hit the rockslime but do no damage.
You bite the rockslime, but do no damage.
The rockslime is severely wounded.
The rockslime hits you!!
* * * LOW HITPOINT WARNING * * *
You stumble backwards!
Blink to where?
Press: ? - help, Dir - move target
As you read the scroll of blinking, it crumbles to dust.
You fade into invisibility!
The rockslime jiggles.
The rockslime hits you!!!
You die...

......## * ####......, ,,,
.......####,...#.......#.,
, ......###.##
...........# ,
......##...###.........#.
, , ,
.......##.#.#.#....#.....
, ,
..................#......
, ,
..##...........ยง.##......
,, .#
##..........J........# , ,
# #....#......@.......# ,
, * ##.####..............
*, ,, * ###
####.......#..., ,
##..#.### . ,, ######
**,*** ,* * * *


You could see a rockslime.

Vanquished Creatures
  Agnes (Orc:2)
  Kirke (Lair:4)
  A frost giant (IceCv)
  An azure jelly (Slime:1)
  A rockslime (Slime:1)
  An orc warlord (Orc:2)
  Azrael (D:12)
  A fire dragon (Lair:5)
  Erolcha (D:13)
  2 boulder beetles
  4 hydras
  2 catoblepae
  2 centaur warriors (D:13)
  2 anacondas (Snake:1)
  A two-headed ogre (D:10)
  Erica (D:9)
  A dancing weapon (Orc:2)
  17 death yaks
  An orc high priest (Orc:2)
  Nergalle (D:10)
  Sonja (Orc:1)
  A naga ritualist (Snake:1)
  A lindwurm (Lair:5)
  A deep elf pyromancer (D:13)
  3 orc knights
  2 ugly things
  5 orc sorcerers
  A shining eye (Slime:1)
  A manticore (D:10)
  2 cyclopes (D:12)
  14 elephants
  Maurice (D:8)
  2 molten gargoyles (Lair:5)
  7 black mambas
  11 cane toads
  3 unseen horrors
  An ice statue (IceCv)
  10 komodo dragons
  8 rime drakes
  Psyche (D:8)
  2 kobold demonologists
  An efreet (D:10)
  6 trolls
  10 polar bears
  2 hornets
  26 slime creatures
  4 dream sheep (Lair:4)
  18 blink frogs
  2 air elementals (Orc:2)
  7 wyverns
  6 wraiths
  73 yaks
  2 vampires (D:11)
  3 fire elementals
  4 hogs (Lair:4)
  8 basilisks
  4 humans (Lair:4)
  A fire bat (D:10)
  2 unseen horror simulacra (D:9)
  5 steam dragons
  A death yak simulacrum (Orc:2)
  2 nagas
  16 vampire mosquitoes
  5 wargs
  An acid dragon (D:12)
  11 hell hounds
  8 water moccasins
  4 ice beasts
  5 black bears
  27 orc warriors
  2 sky beasts (D:7)
  14 wolves
  6 ogres
  3 centaurs
  A phantom (D:6)
  A kobold brigand (D:6)
  12 bullfrogs
  2 necrophages
  An earth elemental (Orc:2)
  A two-headed ogre simulacrum (Orc:2)
  A cane toad simulacrum (Orc:2)
  2 scorpions
  A water moccasin zombie (D:5)
  13 wights
  6 jellies
  3 howler monkeys (D:10)
  10 electric eels
  A bullfrog zombie (D:5)
  5 lava snakes (Lair:5)
  A gnoll bouda (D:9)
  8 orc priests
  4 hounds
  An iron imp (D:8)
  A scorpion zombie (D:5)
  5 iguanas
  13 orc wizards
  2 spriggan simulacra (Orc:2)
  A centaur simulacrum (D:9)
  A hound zombie (D:5)
  A hound skeleton (D:6)
  A killer bee simulacrum (D:9)
  9 gnolls
  3 naga simulacra (Orc:2)
  7 adders
  A shadow imp (D:6)
  4 white imps
  2 howler monkey simulacra (D:9)
  2 ufetubi (D:9)
  An adder zombie (D:5)
  A worm (D:3)
  2 dart slugs
  45 orcs
  A bat zombie (D:4)
  6 endoplasms
  2 giant cockroaches
  2 goblins (D:4)
  6 hobgoblins
  4 jackals (D:2)
  5 quokkas
  2 ball pythons
  2 bats (D:1)
  2 frilled lizards
  7 kobolds
  2 rats
  2 rat zombies (D:4)
629 creatures vanquished.

Vanquished Creatures (collateral kills)
  A fire elemental (D:12)
  An ice beast (D:9)
  A wolf (D:9)
  A white imp (D:9)
4 creatures vanquished.

Vanquished Creatures (others)
  2 slime creatures (D:12)
  2 yaks (D:10)
  An orc warrior (D:10)
  11 fulminant prisms
  24 fungi
  30 plants
70 creatures vanquished.

Grand Total: 703 creatures vanquished

Notes
Turn   | Place    | Note
-------+----------+-------------------------------------------
     0 | D:5      | Reached skill level 9 in Stealth
     0 | D:5      | leafyfresh the Gnoll Delver began the quest for the Orb.
     0 | D:5      | Reached XP level 1. HP: 23/23 MP: 1/1
     6 | D:5      | Noticed a phantom
    26 | D:5      | Found a shimmering altar of Xom.
    60 | D:4      | Noticed a black bear
    60 | D:4      | Noticed an orc wizard
  1129 | D:4      | Reached XP level 2. HP: 25/29 MP: 2/2
  1199 | D:3      | Found a large runed translucent door.
  1199 | D:3      | Found a large runed translucent door.
  1199 | D:3      | Noticed Barneous's ghost (amateur HuWn)
  1649 | D:1      | Found a faded altar of an unknown god.
  2197 | D:1      | Reached XP level 3. HP: 35/35 MP: 3/3
  2643 | D:2      | Found a shadowy altar of Dithmenos.
  3379 | D:3      | Found an ornate altar of the Wu Jian Council.
  3379 | D:3      | Found a sparkling altar of Nemelex Xobeh.
  3485 | D:3      | Reached skill level 1 in Invocations
  3677 | D:3      | Reached skill level 1 in Short Blades
  3677 | D:3      | Reached skill level 1 in Long Blades
  3677 | D:3      | Reached skill level 1 in Axes
  3677 | D:3      | Reached skill level 1 in Maces & Flails
  3677 | D:3      | Reached skill level 1 in Staves
  3677 | D:3      | Reached skill level 1 in Ranged Weapons
  3677 | D:3      | Reached skill level 1 in Throwing
  3677 | D:3      | Reached skill level 1 in Armour
  3677 | D:3      | Reached skill level 1 in Shields
  3677 | D:3      | Reached skill level 1 in Unarmed Combat
  3677 | D:3      | Reached skill level 1 in Spellcasting
  3677 | D:3      | Reached skill level 1 in Evocations
  3796 | D:3      | Found a glowing silver altar of Zin.
  3890 | D:3      | Found Behorr's Jewellery Emporium.
  3985 | D:3      | Reached XP level 4. HP: 32/41 MP: 5/5
  4464 | D:3      | Identified a scroll of acquirement
  4465 | D:3      | Acquired the +3 Elemental Staff {rElec rF++ rC++ AC+5}
  4465 | D:3      | Found the +3 Elemental Staff {rElec rF++ rC++ AC+5}
  4542 | D:4      | Reached skill level 1 in Conjurations
  4542 | D:4      | Reached skill level 1 in Hexes
  4542 | D:4      | Reached skill level 1 in Summonings
  4542 | D:4      | Reached skill level 1 in Necromancy
  4542 | D:4      | Reached skill level 1 in Translocations
  4542 | D:4      | Reached skill level 1 in Transmutations
  4542 | D:4      | Reached skill level 1 in Fire Magic
  4542 | D:4      | Reached skill level 1 in Ice Magic
  4542 | D:4      | Reached skill level 1 in Air Magic
  4542 | D:4      | Reached skill level 1 in Earth Magic
  4542 | D:4      | Reached skill level 1 in Poison Magic
  4560 | D:4      | Reached XP level 5. HP: 12/47 MP: 5/7
  4927 | D:4      | Killed a black bear
  4928 | D:4      | Reached XP level 6. HP: 28/53 MP: 8/8
  4985 | D:4      | Reached skill level 5 in Polearms
  4985 | D:4      | Reached skill level 5 in Dodging
  5299 | D:4      | Found an ancient bone altar of Kikubaaqudgha.
  5742 | D:5      | Found a transporter.
  5745 | D:5      | Found a transporter.
  5746 | D:5      | Noticed croobank's ghost (weakling OpDe)
  5809 | D:5      | Reached XP level 7. HP: 60/60 MP: 10/10
  6266 | D:5      | Reached skill level 10 in Stealth
  6447 | D:5      | Found a basalt altar of Yredelemnul.
  6711 | D:6      | Reached XP level 8. HP: 46/67 MP: 12/12
  7763 | D:6      | Found a glowing golden altar of the Shining One.
  8072 | D:6      | Found a burning altar of Makhleb.
  8610 | D:7      | Noticed a hornet
  8619 | D:7      | Killed a hornet
  8620 | D:7      | Reached XP level 9. HP: 26/73 MP: 14/14
 10338 | D:7      | Found a blossoming altar of Fedhas.
 10350 | D:7      | Found a staircase to the Ecumenical Temple.
 10360 | Temple   | Entered the Ecumenical Temple
 10425 | Temple   | Became a worshipper of Ashenzari the Shackled
 14235 | D:8      | Reached skill level 5 in Invocations
 14246 | D:8      | Found a snail-covered altar of Cheibriados.
 14337 | D:8      | Noticed Psyche
 14611 | D:8      | Killed Psyche
 15077 | D:8      | Learned a level 3 spell: Vampiric Draining
 15081 | D:8      | Learned a level 3 spell: Frozen Ramparts
 15098 | D:8      | Noticed Maurice
 15099 | D:8      | Found a radiant altar of Vehumet.
 15133 | D:8      | Killed Maurice
 15134 | D:8      | Reached skill level 5 in Short Blades
 15134 | D:8      | Reached skill level 5 in Long Blades
 15134 | D:8      | Reached skill level 5 in Axes
 15134 | D:8      | Reached skill level 5 in Maces & Flails
 15134 | D:8      | Reached skill level 5 in Staves
 15134 | D:8      | Reached skill level 5 in Ranged Weapons
 15134 | D:8      | Reached skill level 5 in Throwing
 15134 | D:8      | Reached skill level 5 in Armour
 15134 | D:8      | Reached skill level 5 in Shields
 15134 | D:8      | Reached skill level 5 in Unarmed Combat
 15134 | D:8      | Reached skill level 5 in Spellcasting
 15134 | D:8      | Reached skill level 5 in Evocations
 15134 | D:8      | Reached XP level 10. HP: 73/82 MP: 16/17
 15254 | D:8      | Reached skill level 11 in Stealth
 15638 | D:8      | Found a stormy altar of Qazlal.
 15639 | D:8      | Found an iron altar of Okawaru.
 15660 | D:9      | Found a transporter.
 15660 | D:9      | Found a transporter.
 16665 | D:9      | Reached * piety under Ashenzari
 16686 | D:9      | Found a staircase to the Orcish Mines.
 16700 | D:9      | Reached skill level 5 in Conjurations
 16700 | D:9      | Reached skill level 5 in Hexes
 16700 | D:9      | Reached skill level 5 in Summonings
 16700 | D:9      | Reached skill level 5 in Necromancy
 16700 | D:9      | Reached skill level 5 in Translocations
 16700 | D:9      | Reached skill level 5 in Transmutations
 16700 | D:9      | Reached skill level 5 in Fire Magic
 16700 | D:9      | Reached skill level 5 in Ice Magic
 16700 | D:9      | Reached skill level 5 in Air Magic
 16700 | D:9      | Reached skill level 5 in Earth Magic
 16700 | D:9      | Reached skill level 5 in Poison Magic
 16712 | D:9      | Reached XP level 11. HP: 39/89 MP: 20/20
 16717 | D:9      | HP: 2/89 [orc warrior/+0 scimitar (19)]
 17265 | D:9      | Gained mutation: You are weak. (Str -2) [potion of
                  | mutation]
 17265 | D:9      | Gained mutation: You are partially covered in iridescent
                  | scales. (AC +2) [potion of mutation]
 17301 | D:9      | Noticed Erica
 17314 | D:9      | Killed Erica
 17544 | D:9      | Learned a level 4 spell: Ice Form
 17549 | D:9      | Learned a level 4 spell: Iskenderun's Mystic Blast
 17554 | D:9      | Learned a level 4 spell: Fulminant Prism
 17908 | D:9      | Reached ** piety under Ashenzari
 18143 | D:10     | Entered Level 10 of the Dungeon
 18143 | D:10     | Noticed a two-headed ogre
 18173 | D:10     | Noticed a manticore
 18286 | D:10     | Killed a two-headed ogre
 18322 | D:9      | Identified the cursed scarf of Ashenzari's Oblivion {rC+
                  | rF+, Melee, Evo} (You found it on level 4 of the Dungeon)
 18322 | D:9      | Identified the cursed +1 helmet of Toth-Mos's Legacy {Evo,
                  | Bglg} (You found it on level 4 of the Dungeon)
 18468 | D:10     | Noticed an orc knight
 18484 | D:10     | Killed an orc knight
 18488 | D:10     | Killed a manticore
 18781 | D:10     | Reached XP level 12. HP: 89/97 MP: 18/22
 18993 | D:10     | Noticed Nergalle
 19353 | Orc:1    | Entered Level 1 of the Orcish Mines
 19397 | Orc:1    | Found Baemoec's General Store.
 19402 | Orc:1    | Found Aral's Weapon Boutique.
 19425 | Orc:1    | Noticed Sonja
 19451 | Orc:1    | Killed Sonja
 19452 | Orc:1    | Reached skill level 12 in Stealth
 19488 | Orc:1    | Noticed a sun demon
 19707 | Orc:1    | Bought the +7 arbalest "Serr" {freeze, rC+} for 742 gold
                  | pieces
 19772 | Orc:1    | Found Doano's Jewellery Boutique.
 19778 | Orc:1    | Reached skill level 10 in Fighting
 19901 | Orc:1    | Found Voeriguf's Antique Weapon Emporium.
 20163 | Orc:1    | Found Agiphog's Jewellery Boutique.
 20191 | Orc:2    | Entered Level 2 of the Orcish Mines
 20192 | Orc:2    | Reached *** piety under Ashenzari
 20210 | Orc:2    | Paralysed by an orc sorcerer for 4 turns
 20221 | Orc:2    | Found Wesani's Vocational Training.
 20242 | Orc:2    | Found a staircase to the Elven Halls.
 20242 | Orc:2    | Found Heusiozem's General Store.
 20268 | Orc:2    | Found a frozen archway.
 20316 | IceCv    | Entered an ice cave
 20761 | IceCv    | Noticed a death yak
 20770 | IceCv    | Noticed a death yak
 20778 | IceCv    | Killed a death yak
 20787 | IceCv    | Killed a death yak
 21214 | IceCv    | Noticed a death yak
 21227 | IceCv    | Killed a death yak
 21290 | IceCv    | Noticed a frost giant
 21290 | IceCv    | Noticed a death yak
 21291 | IceCv    | Noticed a death yak
 21291 | IceCv    | Noticed a death yak
 21408 | IceCv    | Killed a death yak
 21409 | IceCv    | Reached XP level 13. HP: 8/104 MP: 2/25
 21459 | IceCv    | Identified the cursed +0 pair of gloves "Per Aspera Ad
                  | Scientiam" {Self, Comp} (You found it on level 6 of the
                  | Dungeon)
 22182 | IceCv    | Identified the ring "Eneruv" {rElec rC+}
 22209 | IceCv    | Killed a frost giant
 22683 | IceCv    | Reached **** piety under Ashenzari
 22837 | Orc:2    | Learned a level 5 spell: Lee's Rapid Deconstruction
 23222 | Orc:2    | Found Ciugaco's Antique Weapon Boutique.
 23528 | Orc:2    | Noticed an orc warlord
 24292 | Orc:2    | Found Wilirel's Book Shop.
 24360 | Orc:2    | Found Mithaag's Antique Armour Boutique.
 24496 | Orc:2    | Killed an orc warlord
 24497 | Orc:2    | Reached skill level 10 in Polearms
 24497 | Orc:2    | Reached skill level 10 in Dodging
 24644 | Elf:1    | Entered Level 1 of the Elven Halls
 24648 | Elf:1    | Paralysed by an air elemental for 1 turns
 24651 | Orc:2    | Paralysed by an air elemental for 1 turns
 24998 | Elf:1    | Noticed Agnes
 25004 | Orc:2    | Paralysed by an air elemental for 1 turns
 25367 | D:10     | Killed Nergalle
 25706 | D:10     | Found a transporter.
 25763 | D:10     | Found a transporter.
 25877 | D:10     | Learned a level 5 spell: Agony
 26446 | D:11     | Reached skill level 13 in Stealth
 26749 | D:11     | Found a staircase to the Lair.
 26774 | D:11     | Reached XP level 14. HP: 96/118 MP: 29/29
 26925 | D:11     | Reached skill level 10 in Invocations
 27453 | Lair:1   | Entered Level 1 of the Lair of Beasts
 29173 | Lair:2   | Found a staircase to the Snake Pit.
 29519 | Lair:2   | Found a staircase to the Shoals.
 30382 | Lair:4   | Found a viscous altar of Jiyva.
 30382 | Lair:4   | Found a staircase to the Slime Pits.
 30999 | Lair:4   | Found the brooch of Shielding {Spirit SH+8}
 31008 | Lair:4   | Reached skill level 10 in Short Blades
 31008 | Lair:4   | Reached skill level 10 in Long Blades
 31008 | Lair:4   | Reached skill level 10 in Axes
 31008 | Lair:4   | Reached skill level 10 in Maces & Flails
 31008 | Lair:4   | Reached skill level 10 in Staves
 31008 | Lair:4   | Reached skill level 10 in Ranged Weapons
 31008 | Lair:4   | Reached skill level 10 in Throwing
 31008 | Lair:4   | Reached skill level 10 in Armour
 31008 | Lair:4   | Reached skill level 10 in Shields
 31008 | Lair:4   | Reached skill level 10 in Unarmed Combat
 31008 | Lair:4   | Reached skill level 10 in Spellcasting
 31008 | Lair:4   | Reached skill level 10 in Evocations
 31585 | Lair:4   | Noticed Kirke
 31597 | Lair:4   | Reached XP level 15. HP: 102/124 MP: 29/30
 31807 | Lair:4   | Noticed a sphinx
 31856 | Lair:3   | Identified the cursed ring of the Distant Apathy {Dex+6,
                  | Melee, Alch} (You found it on level 1 of the Dungeon)
 31856 | Lair:3   | Identified the cursed ring of Supernal Knowledge {MP+9,
                  | Range, Cun} (You found it on level 6 of the Dungeon)
 32263 | Lair:4   | Killed Kirke
 32410 | Lair:5   | Entered Level 5 of the Lair of Beasts
 32472 | Lair:5   | Identified the +3 war axe "Uliuk" {vamp, Str+4 Dex+9}
 32786 | Lair:5   | Learned a level 6 spell: Starburst
 33727 | Lair:5   | Found a large runed translucent door.
 33728 | Lair:5   | Found a large runed translucent door.
 33859 | Lair:5   | Reached skill level 14 in Stealth
 33900 | Lair:5   | Learned a level 6 spell: Simulacrum
 34511 | Orc:2    | Killed Agnes
 35331 | D:12     | Noticed Azrael
 35355 | D:12     | Killed Azrael
 35627 | D:12     | Identified the +4 falchion of Boorchamu {protect, rN+ Str-2
                  | Dex+4}
 35936 | D:12     | Found a sacrificial altar of Ru.
 35954 | D:12     | Identified the +1 chain mail "Vuoxisue" {Str+4}
 36224 | D:13     | Noticed Erolcha
 36226 | D:13     | Killed Erolcha
 36837 | Snake:1  | Entered Level 1 of the Snake Pit
 37376 | Slime:1  | Entered Level 1 of the Pits of Slime
 37439 | Lair:4   | Reached XP level 16. HP: 134/134 MP: 30/32
 37859 | Slime:1  | Noticed an azure jelly
 37866 | Slime:1  | Killed an azure jelly
 37879 | Slime:1  | Gained mutation: You do not regenerate when monsters are
                  | visible. [a shining eye]
 37881 | Slime:1  | Gained mutation: You have hidden genetic defects. [a
                  | shining eye]
 37884 | Slime:1  | Gained mutation: You are dopey. (Int -2) [a shining eye]
 37885 | Slime:1  | Gained mutation: You sometimes lose your temper in combat.
                  | [a shining eye]
 38180 | Slime:1  | Noticed a rockslime
 38214 | Slime:1  | Noticed a rockslime
 38218 | Slime:1  | Killed a rockslime
 38241 | Slime:1  | Annihilated by a rockslime

Illustrated notes

Levels and vault maps discovered:
D:1:      dpeg_arrival_lava_altar, layout_basic,
          hellmonk_ecumenical_altar_arch_garden
D:2:      layout_basic, basic_altar
D:3:      layout_loops_ring, zin_statuary, nicolae_overflow_two_pavilions,
          serial_shops, shop, ebering_ghost_disaster_area
D:4:      layout_gridville, lemuel_zombie_altar_kikubaaqudgha
D:5:      layout_cave_pods, nicolae_yredelemnul_corpse_copse,
          overflow_temple_1_default, gammafunk_ghost_mausoleum
D:6:      layout_loops_corners, makhleb_blood_cavern_becter,
          mainiacjoe_overflow_24_doors, kennysheep_potato
D:7:      layout_cave_pools, fedhas_altar_2, minmay_temple_entry_sparse_star,
          dk_rats_in_the_wall
D:8:      layout_loops_ring, vehumet_crystals, gammafunk_temple_overflow_pools,
          slow_altar_1, uniq_psyche, uniq_maurice
D:9:      layout_cave_pools, orc_david_3, serial_ice, serial_ice_o,
          serial_ice_j, serial_ice_m, serial_ice_h, serial_ice_b, serial_ice_f,
          serial_ice_d, serial_ice_n, grunt_decor_clamped,
          minmay_misc_feat_alley, nicolae_diode_stairs, uniq_erica
D:10:     gammafunk_cloud_chamber, layout_basic, minmay_mirror_moons_of_madness,
          uniq_nergalle
D:11:     layout_stronghold, minmay_lair_entry_grove
D:12:     layout_roguey, eino_small_chamber_without_monster,
          nicolae_ru_great_annihilating_truth, uniq_azrael
D:13:     layout_rooms, uniq_erolcha
D:14:     layout_cave_pools, lightli_vaults_fourway_checkpoint,
          nicolae_wu_jian_wuxing_cycle, ebering_ghost_xom
Temple:   hellmonk_temple_beads
Lair:1:   layout_small_grid, small_statue_intersection, grunt_megastairs_5
Lair:2:   layout_cave_pods, elwin_shoals_entry_rocks,
          guppyfry_snake_entry_garden
Lair:3:   layout_regular_city
Lair:4:   slaughterhouse, layout_layer_cave, slime_entry_1,
          nicolae_quartered_pool_medium, uniq_kirke
Lair:5:   cheibrodos_lair_end_hotspot, layout_cellular_growth
Snake:1:  layout_chambers, gammafunk_ghost_necromancy, grunt_megastairs_1
Slime:1:  layout_caves
Orc:1:    layout_diamond_mine, serial_shops, shop, nicolae_shop_behind_doors,
          shop, nicolae_shop_waterfront, nicolae_shop_advertising_works
          [nicolae_subvault_shop_adworks], uniq_sonja
Orc:2:    grunt_orc_gardens, layout_caves, grunt_orc_garden, grunt_orc_garden,
          grunt_orc_garden, grunt_orc_garden,
          portal_ice_cave_entry_ice_simulacra, nicolae_shop_vocational
Elf:1:    layout_gridlike, serial_shops, shop, minivault_28,
          serial_sigils_hangedman_leer, uniq_roxanne, uniq_agnes

Skill      XL: |  1  2  3  4  5  6  7  8  9 10 11 12 13 14 15 16 |
---------------+-------------------------------------------------+-----
Stealth        | 10 11 12 13 14 | 14.3
Invocations    | 1 2 3 4 5 6 7 8 9 10 11 12 | 12.0
Short Blades   | 1 2 3 5 6 7 8 9 10 11 | 11.0
Long Blades    | 1 2 3 5 6 7 8 9 10 11 | 11.0
Axes           | 1 2 3 5 6 7 8 9 10 11 | 11.0
Maces & Flails | 1 2 3 5 6 7 8 9 10 11 | 11.0
Staves         | 1 2 3 5 6 7 8 9 10 11 | 11.0
Ranged Weapons | 1 2 3 5 6 7 8 9 10 11 | 11.0
Throwing       | 1 2 3 5 6 7 8 9 10 11 | 11.0
Armour         | 1 2 3 5 6 7 8 9 10 11 | 11.0
Shields        | 1 2 3 5 6 7 8 9 10 11 | 11.0
Unarmed Combat | 1 2 3 5 6 7 8 9 10 11 | 11.0
Spellcasting   | 1 2 3 5 6 7 8 9 10 11 | 11.0
Evocations     | 1 2 3 5 6 7 8 9 10 11 | 11.0
Conjurations   | 1 2 3 4 5 6 7 8 9 |  9.3
Hexes          | 1 2 3 4 5 6 7 8 9 |  9.3
Summonings     | 1 2 3 4 5 6 7 8 9 |  9.3
Necromancy     | 1 2 3 4 5 6 7 8 9 |  9.3
Translocations | 1 2 3 4 5 6 7 8 9 |  9.3
Transmutations | 1 2 3 4 5 6 7 8 9 |  9.3
Fire Magic     | 1 2 3 4 5 6 7 8 9 |  9.3
Ice Magic      | 1 2 3 4 5 6 7 8 9 |  9.3
Air Magic      | 1 2 3 4 5 6 7 8 9 |  9.3
Earth Magic    | 1 2 3 4 5 6 7 8 9 |  9.3
Poison Magic   | 1 2 3 4 5 6 7 8 9 |  9.3
Polearms       | 5 6 7 8 9 10 11 | 11.9
Dodging        | 5 6 7 8 9 10 11 | 11.9
Fighting       | 7 8 9 10 11 12 | 12.7

Action                   |  1- 3 |  4- 6 |  7- 9 | 10-12 | 13-15 | 16-18 || total
-------------------------+-------+-------+-------+-------+-------+-------++-------
Melee: Spear             |   117 |     3 |       |       |       |       ||   120
       Bite              |     7 |     8 |    67 |    59 |    87 |    20 ||   248
       Staff             |       |   107 |   397 |   380 |   383 |       ||  1267
       Punch             |       |     2 |    12 |    25 |    55 |     6 ||   100
       Unarmed           |       |       |       |     9 |       |       ||     9
       War axe           |       |       |       |       |   101 |    90 ||   191
 Fire: Shortbow          |       |       |       |    66 |       |       ||    66
       Arbalest          |       |       |       |   102 |   536 |     8 ||   646
 Cast: Frozen Ramparts   |       |       |     3 |    31 |    26 |       ||    60
       Vampiric Draining |       |       |     1 |    20 |    18 |       ||    39
       Iskenderun's Myst |       |       |       |    13 |     1 |     2 ||    16
       Ice Form          |       |       |       |     3 |       |       ||     3
       Fulminant Prism   |       |       |       |     9 |     2 |       ||    11
       Lee's Rapid Decon |       |       |       |       |    10 |       ||    10
       Starburst         |       |       |       |       |     6 |     3 ||     9
       Simulacrum        |       |       |       |       |     2 |       ||     2
Invok: Curse Item        |       |       |     1 |     4 |     5 |       ||    10
       Shatter the Chain |       |       |       |       |     4 |       ||     4
Evoke: Wand              |       |       |       |    11 |     5 |       ||    16
  Use: Scroll            |       |     5 |     7 |     8 |     4 |     1 ||    25
       Potion            |       |       |     1 |     9 |     9 |     1 ||    20
 Stab: Sleeping          |    16 |     6 |    16 |     4 |     7 |       ||    49
       Distracted        |       |     1 |     2 |     3 |     2 |       ||     8
       Invisible         |       |       |       |       |     2 |       ||     2
Armor: Leather armour    |    20 |    47 |   151 |   103 |    42 |       ||   363
       Skin              |       |       |     3 |       |    25 |       ||    28
       Steam dragon scal |       |       |       |       |    25 |       ||    25
       Acid dragon scale |       |       |       |       |     1 |    14 ||    15
Dodge: Dodged            |    50 |   100 |   361 |   426 |   566 |    88 ||  1591
Block: Other             |       |       |       |       |    99 |    10 ||   109
       Kite shield       |       |       |       |       |    35 |    85 ||   120
